 Dungeon Crawl Stone Soup version 0.29-a0-352-g0917bc69df (webtiles) character file.

Game seed: 8885956730081920804

17591 kevlar127 the Grappler (level 12, -4/119 HPs)
             Began as a Troll Berserker on Apr 24, 2022.
             Was a High Priest of Trog.
             Killed by divine providence
             ... invoked by an orc high priest
              (13 damage)
             ... on level 2 of the Orcish Mines.
             The game lasted 01:28:22 (11468 turns).

kevlar127 the Grappler (Troll Berserker)           Turns: 11468, Time: 01:28:23

Health: -4/119     AC: 16    Str: 32    XL:     12   Next: 20%
Magic:  0/11       EV:  9    Int:  3    God:    Trog [*****.]
Gold:   1020       SH: 12    Dex:  9    Spells: 11/11 levels left

rFire   . . .      SeeInvis +     - Unarmed
rCold   + + .      Faith    .   w - +4 kite shield of Nuph {Rampage rC++ SInv}
rNeg    . . .      Spirit   +   J - +0 troll leather armour
rPois   .          Reflect  .   (helmet restricted)
rElec   .          Harm     .   r - +0 cloak
rCorr   +          Rampage  +   (gloves unavailable)
Will    .....                   (boots unavailable)
Stlth   +.........              b - amulet of guardian spirit
HPRegen 1.89/turn               D - ring of resist corrosion
MPRegen 0.12/turn               H - ring of the Tortoise {AC+8}

@: hasted, very quick
A: large, unfitting armour, claws 3, regeneration 1, shaggy fur 1, tough skin 1
a: Renounce Religion, Berserk, Trog's Hand, Brothers in Arms


You were on level 2 of the Orcish Mines.
You worshipped Trog.
Trog was extremely pleased with you.
You visited 2 branches of the dungeon, and saw 14 of its levels.

You collected 1020 gold pieces.

Inventory:

Missiles
 a - 6 large rocks
 j - 303 stones
 m - 37 poisoned darts
 p - a boomerang (quivered)
 O - 5 throwing nets
Armour
 n - a +1 robe of cold resistance
 r - a +0 cloak (worn)
 w - the +4 kite shield of Nuph (worn) {Rampage rC++ SInv}
   (You found it on level 5 of the Dungeon)

   rC:        It greatly protects you from cold.
   SInv:      It lets you see invisible.
   Rampage:   It bestows one free step when moving towards enemies.
 I - +0 steam dragon scales
 J - a +0 troll leather armour (worn)
Jewellery
 b - an amulet of guardian spirit (around neck)
 D - a ring of resist corrosion (left claw)
 F - a +4 ring of evasion
 H - the ring of the Tortoise (right claw) {AC+8}
   (You found it on level 8 of the Dungeon)

   [ring of protection]

   AC:        It affects your AC (+8).
 L - an amulet of magic regeneration
 N - a ring of magical power
Wands
 A - a wand of charming (7)
 E - a wand of polymorph (14)
 G - a wand of mindburst (5)
Scrolls
 c - a scroll of holy word
 d - 2 scrolls of amnesia
 f - a scroll of vulnerability
 g - 3 scrolls of immolation
 h - 4 scrolls of fog
 l - 6 scrolls of teleportation
 o - 4 scrolls of enchant weapon
 t - 3 scrolls of noise
 v - a scroll of magic mapping
 y - a scroll of torment
 B - 3 scrolls of brand weapon
 K - a scroll of identify
 M - a scroll of blinking
Potions
 e - 4 potions of lignification
 i - a potion of cancellation
 k - 2 potions of curing
 q - a potion of attraction
 s - 2 potions of degeneration
 z - 2 potions of brilliance
 C - a potion of resistance


   Skills:
 + Level 8.0 Fighting
 + Level 7.8 Throwing
 - Level 5.0 Armour
 - Level 3.0 Dodging
 + Level 6.8 Shields
 + Level 10.7 Unarmed Combat
 - Level 5.0 Evocations


You had 11 spell levels left.
You didn't know any spells.
Your spell library was empty.

Dungeon Overview and Level Annotations

Branches:
Dungeon (12/15)            Temple (0/1) D:4            Lair (0/6) D:11
    Orc (2/2) D:9             Elf (0/3) Orc:2

Altars:
Gozag
Xom
Yredelemnul
Zin

Shops:
D:7 :   D:11 [

Annotations:
Orc:2 2 transporters, Antichthon's ghost, journeyman NaWr


Innate Abilities, Weirdness & Mutations

You are too large for most types of armour.
You have claws for hands.
Your natural rate of healing is unusually fast.
You are covered in fur. (AC +1)
You have tough skin. (AC +1)


Message History

The orc knight is healed somewhat.
You block the orc high priest's attack. You block the orc warrior's attack.
The orc knight hits you with a +2 battleaxe.
The orc warrior attacks as you move away!
The orc warrior hits you with a +2 dire flail of protection!
The orc knight hits you with a +0 war axe!!
The orc high priest no longer looks unusually strong.
Things that are here:
a +0 morningstar; an orc skeleton The orc high priest attacks as you move away!
You block the orc high priest's attack.
The orc priest no longer looks unusually strong.
The orc high priest mumbles some strange prayers to Beogh.
The orc high priest prays to Beogh.
The orc priest attacks as you move away!
The orc priest hits you but does no damage.
The orc warrior no longer looks unusually strong.
The orc knight attacks as you move away!
The orc knight hits you with a +0 war axe!!
* * * LOW HITPOINT WARNING * * *
The orc high priest no longer looks unusually strong.
The orc knight roars a battlecry!
The orcs go into a battle-frenzy!
The orc knight no longer looks unusually strong.
The neqoxec gestures at you.
Something tries to feed on your intellect!
The orc high priest mumbles some strange prayers to Beogh.
The orc knight roars a battlecry!
The orc knight goes into a battle-frenzy!
The orc high priest calls down the wrath of Beogh upon you.
Beogh smites you!
* * * LOW HITPOINT WARNING * * *
The orc priest looks encouraged for a moment.
The orc knight hits you with a +0 war axe!!
* * * LOW HITPOINT WARNING * * *
The sun demon barely misses you.
You feel yourself speed up.
The orc high priest calls down the wrath of Beogh upon you.
Beogh smites you!
You die...

###
##..........................
##.........................
#....).....................
##.#.......................
##...3....................
##..oo....................
#.....o43o................
##...4o4o.................
###...#3@................
##.#...................
####.####........#.##. ###
##############


You could see 2 orc knights, a soul eater (summoned), 2 orc high priests, a sun
demon (summoned), an orange demon (summoned), a rust devil (summoned), a neqoxec
(summoned), a chaos spawn (summoned), an orc warrior (strong) and an orc priest
(strong).

Vanquished Creatures
  The ghost of Bediveer the Cleaver, a journeyman DDFi of Makhleb (D:10)
  Harold (Orc:1)
  A centaur warrior (D:8)
  A two-headed ogre (D:9)
  A dancing weapon (D:10)
  An orc high priest (Orc:2)
  The ghost of spaghetti the Prestidigitator, a novice GnWn of Okawaru (D:8)
  2 orc knights (Orc:2)
  An orc sorcerer (Orc:2)
  2 cyclopes (D:8)
  5 trolls
  2 slime creatures (D:9)
  A hornet (D:9)
  Prince Ribbit (D:6)
  2 shadows (D:9)
  2 wraiths (D:10)
  3 yaks (D:9)
  3 steam dragons
  A two-headed ogre zombie (D:9)
  4 wargs
  2 acid dragons
  A water moccasin (D:6)
  Duvessa (D:4)
  3 ice beasts
  22 orc warriors
  A sky beast (D:6)
  3 ogres
  A black bear (D:6)
  2 kobold brigands
  2 phantoms
  Blork the orc (D:4)
  2 necrophages (D:5)
  2 bullfrogs (D:6)
  2 scorpions (D:5)
  A gnoll sergeant (Orc:2)
  3 wights (D:8)
  Dowan (D:4)
  2 troll zombies (D:9)
  14 killer bees
  2 howler monkeys (D:7)
  27 orc priests
  3 jellies
  9 hounds
  A gnoll shaman (D:5)
  Jessica (D:2)
  2 iguanas
  17 orc wizards
  5 ogre zombies (D:9)
  10 adders
  11 gnolls
  A white imp (D:8)
  5 worms
  A dart slug (D:2)
  72 orcs
  5 endoplasms
  3 giant cockroaches
  5 goblins
  6 hobgoblins
  2 jackals (D:1)
  A quokka (D:4)
  3 ball pythons
  5 bats
  3 frilled lizards
  4 goblin skeletons (D:9)
  2 goblin zombies (D:9)
  A hobgoblin skeleton (D:9)
  5 hobgoblin zombies (D:9)
  15 kobolds
  2 orc skeletons (D:9)
  11 orc zombies (D:9)
  4 rats
346 creatures vanquished.

Vanquished Creatures (others)
  An orc (Orc:1)
  9 plants (D:9)
  5 toadstools (D:1)
15 creatures vanquished.

Grand Total: 361 creatures vanquished

Notes
Turn   | Place    | Note
-------+----------+-------------------------------------------
     0 | D:1      | kevlar127 the Troll Berserker began the quest for the Orb.
     0 | D:1      | Reached XP level 1. HP: 22/22 MP: 0/0
   146 | D:1      | Reached XP level 2. HP: 26/29 MP: 1/1
   429 | D:2      | Found a faded altar of an unknown god.
   522 | D:2      | Reached ** piety under Trog
   624 | D:2      | Found a basalt altar of Yredelemnul.
   723 | D:2      | Reached XP level 3. HP: 36/36 MP: 2/2
   733 | D:2      | Noticed Jessica
   739 | D:2      | Killed Jessica
   740 | D:2      | Reached skill level 1 in Throwing
   819 | D:2      | Reached XP level 4. HP: 43/45 MP: 3/3
  1830 | D:3      | Reached skill level 4 in Unarmed Combat
  1845 | D:3      | Reached XP level 5. HP: 43/45 MP: 2/4
  2050 | D:4      | Noticed a phantom
  2061 | D:4      | Killed a phantom
  2149 | D:4      | Reached XP level 6. HP: 39/62 MP: 1/5
  2269 | D:4      | HP: 3/62 [gnoll/+0 halberd (3)]
  2453 | D:4      | Noticed Blork the orc
  2462 | D:4      | Killed Blork the orc
  2463 | D:4      | Reached skill level 5 in Unarmed Combat
  2475 | D:4      | Reached *** piety under Trog
  2476 | D:4      | Reached XP level 7. HP: 45/70 MP: 3/6
  2616 | D:4      | Found a staircase to the Ecumenical Temple.
  2672 | D:4      | Noticed Duvessa
  2672 | D:4      | Noticed Dowan
  2684 | D:4      | Killed Duvessa
  2704 | D:4      | Killed Dowan
  2970 | D:5      | Entered Level 5 of the Dungeon
  3156 | D:5      | Reached skill level 5 in Fighting
  3156 | D:5      | Reached skill level 6 in Unarmed Combat
  3156 | D:5      | Reached XP level 8. HP: 76/79 MP: 4/7
  3243 | D:5      | Identified the +4 kite shield of Nuph {Rampage rC++ SInv}
  3428 | D:5      | Reached skill level 1 in Shields
  3528 | D:5      | Reached skill level 5 in Throwing
  4088 | D:6      | Reached skill level 7 in Unarmed Combat
  4101 | D:6      | Noticed Prince Ribbit
  4126 | D:6      | Killed Prince Ribbit
  4127 | D:6      | Reached XP level 9. HP: 80/89 MP: 6/8
  4458 | D:6      | Reached skill level 1 in Armour
  5027 | D:7      | Reached **** piety under Trog
  5320 | D:7      | Found Pun Must's Self-Improvement Boutique.
  6057 | D:8      | Found the ring of the Tortoise {AC+8}
  6057 | D:8      | Found a runed translucent gate.
  6061 | D:8      | Found a runed translucent gate.
  6061 | D:8      | Found an opulent altar of Gozag.
  6066 | D:8      | Reached skill level 1 in Evocations
  6096 | D:8      | Found a runed translucent gate.
  6097 | D:8      | Noticed a centaur warrior
  6098 | D:8      | Noticed spaghetti's ghost (novice GnWn)
  6098 | D:8      | Noticed a cyclops
  6099 | D:8      | Noticed a cyclops
  6155 | D:8      | Reached skill level 8 in Unarmed Combat
  6846 | D:9      | Reached XP level 10. HP: 80/100 MP: 7/9
  7086 | D:9      | Paralysed by a hornet for 1 turns
  7180 | D:9      | Found a staircase to the Orcish Mines.
  7256 | D:9      | Noticed a two-headed ogre
  7262 | D:9      | Killed a two-headed ogre
  7263 | D:9      | Reached skill level 5 in Shields
  7304 | D:9      | Reached skill level 9 in Unarmed Combat
  7321 | D:9      | Killed an enormous slime creature
  7647 | D:8      | Killed a cyclops
  7653 | D:8      | Killed a centaur warrior
  7654 | D:8      | Reached XP level 11. HP: 32/109 MP: 1/10
  7675 | D:8      | Killed spaghetti's ghost
  7930 | D:10     | Entered Level 10 of the Dungeon
  8077 | D:10     | You fall into a shaft and drop 2 floors!
  8086 | D:11     | Found Osurriex's Antique Armour Emporium.
  8087 | D:11     | Found a staircase to the Lair.
  8319 | D:10     | Found Zin's Purification Station.
  8321 | D:10     | Found a glowing silver altar of Zin.
  8531 | D:10     | Found a runed translucent door.
  8532 | D:10     | Found a shimmering altar of Xom.
  8532 | D:10     | Noticed Bediveer's ghost (journeyman DDFi)
  8532 | D:10     | Noticed a +0 quarterstaff of chaos
  8870 | D:10     | Killed a +0 quarterstaff of chaos
  8902 | D:10     | Killed Bediveer's ghost
  8903 | D:10     | Reached skill level 10 in Unarmed Combat
  8976 | Orc:1    | Entered Level 1 of the Orcish Mines
  8976 | Orc:1    | Noticed Harold
  8989 | Orc:1    | Killed Harold
  9169 | Orc:2    | Entered Level 2 of the Orcish Mines
  9636 | Orc:1    | Noticed an orc sorcerer
  9636 | Orc:1    | Noticed an orc sorcerer
 10299 | Orc:2    | Found a transporter.
 10311 | Orc:2    | Noticed Antichthon's ghost (journeyman NaWr)
 10345 | Orc:2    | Reached ***** piety under Trog
 10465 | Orc:2    | Found a staircase to the Elven Halls.
 10467 | Orc:2    | Noticed an orc sorcerer
 10468 | Orc:2    | Noticed an orc high priest
 10509 | Orc:2    | Found a transporter.
 10521 | Orc:2    | Noticed a sun demon
 10534 | Orc:2    | Killed an orc high priest
 10535 | Orc:2    | Reached skill level 5 in Evocations
 10545 | Orc:2    | Killed an orc sorcerer
 10794 | Orc:2    | Noticed an orc knight
 10814 | Orc:2    | Reached XP level 12. HP: 108/119 MP: 9/11
 11172 | Orc:2    | Received a gift from Trog
 11213 | Orc:2    | Reached skill level 5 in Armour
 11396 | Orc:2    | Noticed an orc high priest
 11400 | Orc:2    | Noticed an orc high priest
 11405 | Orc:2    | Noticed an orc high priest
 11464 | Orc:2    | HP: 2/119 [orc knight/+0 war axe (29)]
 11468 | Orc:2    | Killed from afar by an orc high priest

Illustrated notes

Levels and vault maps discovered:
D:1:      ldierk_walled_garden, layout_rooms
D:2:      layout_basic, hellmonk_ecumenical_altar_leap_of_faith, basic_altar,
          uniq_jessica
D:3:      layout_basic, ebering_dispersal_statue_hall
D:4:      layout_basic, minmay_temple_entry_antechambers, cheibrodos_gnoll_hut,
          uniq_duvessa, uniq_blork_the_orc
D:5:      layout_basic, serial_park_tiny_2, chequers_mini_garden, minmay_between
D:6:      layout_loops_corners, uniq_prince_ribbit1
D:7:      layout_basic, nicolae_shop_self_help
D:8:      layout_basic, ebering_ghost_gozag
D:9:      layout_roguey, zombieorc2_lemuel, serial_bayou_crossing
D:10:     layout_small_grid, zin_purify, ebering_ghost_xom
D:11:     fort_yaktaur, layout_irregular_city, erik_lair_orcish_takeover,
          serial_shops, nicolae_shop_advertising_works
          [nicolae_subvault_shop_adworks]
D:12:     layout_irregular_city, ebering_ghost_funeral_grove, uniq_kirke
Orc:1:    layout_caves, uniq_harold
Orc:2:    st_orc_pillars, layout_caves, gammafunk_ghost_stat_death,
          nicolae_orc_pool_cavern

Skill      XL: |  1  2  3  4  5  6  7  8  9 10 11 12 |
---------------+-------------------------------------+-----
Throwing       | 1 2 3 4 5 6 7 |  7.8
Fighting       | 3 4 5 6 7 8 |  8.0
Dodging        | 3 |  3.0
Unarmed Combat | 4 5 6 7 8 9 10 | 10.7
Shields        | 2 4 5 6 |  6.8
Armour         | 2 3 4 5 |  5.0
Evocations     | 1 3 5 |  5.0

Action                   |  1- 3 |  4- 6 |  7- 9 | 10-12 || total
-------------------------+-------+-------+-------+-------++-------
Melee: Unarmed           |    70 |   136 |   322 |   533 ||  1061
       Punch             |     2 |     4 |     5 |       ||    11
Throw: Dart              |       |       |    38 |       ||    38
       Boomerang         |       |       |    10 |   148 ||   158
       Large rock        |       |       |       |     4 ||     4
Invok: Trog's Hand       |       |     2 |     7 |    13 ||    22
       Berserk           |       |     1 |       |     5 ||     6
  Use: Scroll            |       |       |    11 |    10 ||    21
       Potion            |       |       |       |     6 ||     6
 Stab: Sleeping          |       |       |     2 |       ||     2
Armor: Animal skin       |    21 |     9 |       |       ||    30
       Robe              |       |    26 |    93 |    22 ||   141
       Troll leather arm |       |       |       |   148 ||   148
Dodge: Dodged            |    31 |    71 |   124 |   204 ||   430
Block: Kite shield       |       |       |   202 |   403 ||   605

Table legend: (Time is in decaauts)
 A = Elapsed time spent in this place.
 B = Non-inter-level travel time spent in this place.
 C = Inter-level travel time spent in this place.
 D = Time resting spent in this place.
 E = Time spent auto-exploring this place.
 F = Levels seen in this place.
 G = Mean time per level.
                   A        B        C        D        E       F      G
               +--------+--------+--------+--------+--------+-----+--------+
         Total |  11472 |  10778 |    694 |   1990 |   6004 |  14 |  819.4 |
       Dungeon |   9003 |   8324 |    679 |    903 |   5433 |  12 |  750.2 |
  Orcish Mines |   2469 |   2454 |     15 |   1087 |    571 |   2 | 1234.5 |
               +--------+--------+--------+--------+--------+-----+--------+

Top non-repeatable levels by time:
   Orc:2: 2175 daAuts
     D:8: 1269 daAuts
     D:6: 1022 daAuts
     D:4: 1012 daAuts
     D:9: 975 daAuts
    D:10: 960 daAuts
     D:3: 872 daAuts
     D:7: 855 daAuts
     D:5: 855 daAuts
     D:2: 732 daAuts
     D:1: 402 daAuts
   Orc:1: 294 daAuts
    D:11: 36 daAuts
    D:12: 8 daAuts
